 Dungeon Sprint DCSS version 0.31-a0-879-g1609e0ac53 (webtiles) character file.

Game seed: 16246873433147063616

10 rocky1 the Ducker (level 2, -2/24 HPs)
             Began as a Djinni Gladiator on Oct 15, 2023.
             Was an Initiate of Gozag.
             Slain by a water moccasin (3 damage)
             ... in the Dungeon (Sprint II: "The Violet Keep of Menkaure").
             The game lasted 00:01:02 (67 turns).

rocky1 the Ducker (Djinni Gladiator)                  Turns: 67, Time: 00:01:03

Health: -2/24      AC:  4    Str: 13    XL:     2   Next: 30%
Gold:   243        EV: 13    Int:  9    God:    Gozag SH:  0 Dex: 14

rFire   + + .        a - +0 long sword
rCold   x . .        (no shield)
rNeg    . . .        b - +0 leather armour
rPois   ∞            c - +0 helmet
rElec   .            (no cloak)
rCorr   .            (no gloves)
SInv    .            (boots unavailable)
Will    .....        (no amulet)
Stlth   +            (no ring)
HPRegen 0.24/turn    (no ring)
MPRegen 0.00/turn

%: no teleportation, infuse magic (-3 HP)
@: flying, hasted, very quick
A: sickness immunity, fire resistance 2, cold vulnerability 1, float, innate
caster, HP casting, extra vitality 1
a: Renounce Religion, Potion Petition, Call Merchant, Bribe Branch


You were in the Dungeon.
You worshipped Gozag.
Gozag was aware of your devotion.
You visited 1 branch You collected 243 gold pieces.

Inventory:

Hand Weapons
 a - a +0 long sword (weapon)
Missiles
 e - a javelin
Armour
 b - a +0 leather armour (worn)
 c - a +0 helmet (worn)
Scrolls
 j - a scroll of blinking
Potions
 f - a potion of curing
 g - a potion of heal wounds
 i - a potion of berserk rage


   Skills:
 + Level 2.7 Fighting
 * Level 3.6 Long Blades
 - Level 1.5 Throwing
 + Level 1.5 Armour
 + Level 3.9 Dodging You didn't know any spells. Your spell library was empty.

Dungeon Overview and Level Annotations

Branches:
Dungeon (1/1)

Altars:
Cheibriados
Dithmenos
Elyvilon
Fedhas
Gozag
Hepliaklqana
Makhleb
Nemelex Xobeh
Okawaru
Qazlal
Ru
Trog
Uskayaw
Wu Jian
Xom
Yredelemnul
Zin
The Shining One
Jiyva
Lugonu


Innate Abilities, Weirdness & Mutations

You are immune to sickness and miasma.
You are immune to poison.
Your flesh is very heat resistant. (rF++)
You are vulnerable to cold. (rC-)
You float through the air rather than walking.
You learn spells naturally, not from books.
Your magical power is your life essence.
You have superior vitality. (+4 MHP)


Message History

The water moccasin closely misses you.
You closely miss the water moccasin.
The water moccasin is moderately wounded.
The water moccasin bites you!
You closely miss the water moccasin.
The water moccasin is moderately wounded.
The water moccasin bites you but does no damage. x2
You barely miss the water moccasin.
The water moccasin is moderately wounded.
The water moccasin bites you.
You miss the water moccasin.
The water moccasin is moderately wounded.
The water moccasin bites you but does no damage.
You closely miss the water moccasin.
The water moccasin is moderately wounded.
The water moccasin bites you but does no damage.
You closely miss the water moccasin.
The water moccasin is moderately wounded.
The water moccasin closely misses you.
You closely miss the water moccasin.
The water moccasin is moderately wounded.
The water moccasin closely misses you.
You barely miss the water moccasin.
The water moccasin is moderately wounded.
The water moccasin bites you.
* * * LOW HITPOINT WARNING * * *
You closely miss the water moccasin.
The water moccasin is moderately wounded.
The water moccasin completely misses you.
You miss the water moccasin.
The water moccasin is moderately wounded.
The water moccasin bites you.
* * * LOW HITPOINT WARNING * * *
The water moccasin bites you.
* * * LOW HITPOINT WARNING * * *
You barely miss the water moccasin.
The water moccasin is moderately wounded.
The water moccasin bites you.
You die...
Your body crumbles into a pile of gold. ...# ...# ###..## #..# [$=[$ +###.##..# +..# [)$=|

.##...#..# #..# ▓[?$$?
<.†##.'..####..### ▓$$!!?
.##.###....###...##▓▓▓▓▓▓
+###.##......~~~~~~~~~~~~
###§~.....~#S########+
#~~~~~~~..~#_@_.....#§
#~~~~~~~~§~#._._....#~
#~~~≈≈≈§~~§~#_._._...#~
~~~~~≈≈≈≈~§§#._._._..#§
++#~≈≈≈≈§§≈§#_._._._.#§
##§≈≈###§§#._._._._#~
#≈≈#.._._._.#~
#≈≈#._._._..#~


You could see a water moccasin.

Vanquished Creatures
  3 worms (D)
3 creatures vanquished.

Notes
Turn   | Place    | Note
-------+----------+-------------------------------------------
     0 | D        | rocky1 the Djinni Gladiator began the quest for the Orb.
     0 | D        | Reached XP level 1. HP: 18/18 MP: 0/0
    10 | D        | Reached skill level 1 in Armour
    17 | D        | Reached XP level 2. HP: 24/24 MP: 0/0
    41 | D        | Found an iron altar of Okawaru.
    42 | D        | Found a sparkling altar of Nemelex Xobeh.
    42 | D        | Found a hide-covered altar of Uskayaw.
    42 | D        | Found a glowing silver altar of Zin.
    43 | D        | Found an opulent altar of Gozag.
    43 | D        | Found a burning altar of Makhleb.
    43 | D        | Found a bloodstained altar of Trog.
    43 | D        | Found a basalt altar of Yredelemnul.
    44 | D        | Found a blossoming altar of Fedhas.
    44 | D        | Found a corrupted altar of Lugonu.
    45 | D        | Found a white marble altar of Elyvilon.
    46 | D        | Found a shadowy altar of Dithmenos.
    46 | D        | Found a viscous altar of Jiyva.
    47 | D        | Found a snail-covered altar of Cheibriados.
    47 | D        | Noticed a water moccasin
    49 | D        | Found a shimmering altar of Xom.
    49 | D        | Found a sacrificial altar of Ru.
    49 | D        | Found a hazy altar of Hepliaklqana.
    50 | D        | Found a glowing golden altar of the Shining One.
    50 | D        | Found an ornate altar of the Wu Jian Council.
    50 | D        | Found a stormy altar of Qazlal.
    52 | D        | Became a worshipper of Gozag Ym Sagoz the Greedy
    66 | D        | HP: 1/24 [water moccasin (3)]
    67 | D        | Slain by a water moccasin

Illustrated notes

Levels and vault maps discovered:
D:        the_violet_keep_of_menkaure [sprint2_stairs_cluster_1,
          sprint2_shoproom, sprint2_temple, sprint2_basic_supplies,
          sprint2_obstacle_3, sprint2_obstacle_1, sprint2_obstacle_5,
          sprint2_obstacle_2, sprint2_obstacle_7, sprint2_timed_cluster_1,
          sprint2_smallroom_cluster_1, sprint2_smallroom_final_cluster_1,
          sprint2_transparent_cluster_1, sprint2_second_timed_cluster_1,
          sprint2_sniper_area_1, sprint2_heavy_combat_area_1,
          sprint2_mutation_trap_area_1, sprint2_forest_area_1,
          sprint2_light_combat_area_1, sprint2_behind_water_1,
          sprint2_near_end_vault_1]

Skill      XL: |  1 |
---------------+----+-----
Long Blades    | 3 |  3.6
Armour         | 1 |  1.5
Fighting       | |  2.7
Throwing       | |  1.5
Dodging        | |  3.9

Action                     || total
---------------------------++-------
  Melee: Long sword        ||    32
  Throw: Throwing net      ||     3
    Use: Potion            ||     1
   Stab: Held in net/web   ||     3
 Armour: Leather armour    ||    11
  Dodge: Dodged            ||     6

Table legend: (Time is in decaauts)
 A = Elapsed time spent in this place.
 B = Non-inter-level travel time spent in this place.
 C = Inter-level travel time spent in this place.
 D = Time resting spent in this place.
 E = Time spent auto-exploring this place.
 F = Levels seen in this place.
 G = Mean time per level.
                   A        B        C        D        E       F      G
               +--------+--------+--------+--------+--------+-----+--------+
         Total |     69 |     69 |      0 |      0 |      0 |   1 |   69.0 |
       Dungeon |     69 |     69 |      0 |      0 |      0 |   1 |   69.0 |
               +--------+--------+--------+--------+--------+-----+--------+

Top non-repeatable levels by time:
       D: 69 daAuts
